 Dungeon Crawl Stone Soup version 0.20-a0-1127-g1289703 (webtiles) character file.

31 Klosterheim the Cutter (level 3, -4/19 HPs)
             Began as a Vine Stalker Gladiator on May 18, 2017.
             Slain by a gnoll
             ... wielding a +0 halberd
              (10 damage)
             ... on level 2 of the Dungeon.
             The game lasted 00:02:08 (1131 turns).

Klosterheim the Cutter (Vine Stalker Gladiator)     Turns: 1131, Time: 00:02:09

Health: -4/19      AC:  5    Str: 16    XL:     3   Next: 22%
Magic:  0/4        EV: 12    Int:  8    God:
Gold:   65         SH:  0    Dex: 16    Spells: 2/2 levels left

rFire    . . .     SeeInvis .   a - +0 rapier
rCold    . . .     Gourm    .   (no shield)
rNeg     . . .     Faith    .   b - +0 leather armour
rPois    .         Spirit   +   c - +1 helmet
rElec    .         Reflect  .   (no cloak)
rCorr    .         Harm     .   (no gloves)
MR       .....                  (no boots)
Stlth    +.........             l - amulet of inaccuracy (curse)
Regen    0.1/turn               (no ring)
MPRegen  0.1/turn               (no ring)

@: no status effects
A: fangs 2, magic shield, antimagic bite, no potion heal 3, rot immunity
a: no special abilities


You were on level 2 of the Dungeon.
You were hungry.

You visited 1 branch of the dungeon, and saw 2 of its levels.

You collected 65 gold pieces.

Inventory:

Hand Weapons
 a - a +0 rapier (weapon)
Missiles
 d - 3 throwing nets (quivered)
Armour
 b - a +0 leather armour (worn)
 c - a +1 helmet (worn)
Jewellery
 l - a cursed amulet of inaccuracy (around neck)
Potions
 e - a potion of mutation {unknown}
 i - a potion of curing {unknown}
 j - a potion of heal wounds {unknown}
 k - a potion of agility {unknown}
Comestibles
 f - 2 bread rations
 h - 4 fruits


   Skills:
 + Level 2.5 Fighting
 * Level 3.3 Short Blades
 - Level 1.7 Throwing
 - Level 2.4 Dodging


You had 2 spell levels left.
You didn't know any spells.

Dungeon Overview and Level Annotations

Branches:
Dungeon (2/15)

Altars:

Annotations:
D:2 Sigmund


Innate Abilities, Weirdness & Mutations

You have extremely sharp teeth.
When hurt, damage is shared between your health and your magic reserves.
Your bite disrupts and absorbs the magic of your enemies.
Potions cannot restore your health.
You are immune to rotting.


Message History

You barely miss the adder. Your bite misses the adder.
The gnoll hits you from afar with a halberd!
The adder completely misses you.
You are too injured to fight recklessly!
You are too injured to fight recklessly!
You are too injured to fight recklessly!
You are too injured to fight recklessly!
You are too injured to fight recklessly!
Unknown command.
You are too injured to fight recklessly!
Unknown command.
You are too injured to fight recklessly!
Unknown command.
The adder bites you but does no damage. The gnoll closely misses you.
You miss the gnoll. You bite the gnoll. You drain its power.
You feel invigorated.
The gnoll is lightly wounded.
The adder barely misses you. The gnoll hits you with a halberd!
Ouch! That really hurt!
You die...

#...........
#..........#
#..........#
#..........#
#..........#
#..........+
#.....S....#
####......@g..####
#<##..............
#######)########.##.....
.............)...# .###
........########## #
#########


You could see a gnoll and an adder.

Vanquished Creatures
  A gnoll (D:2)
  A dart slug (D:1)
  A leopard gecko (D:1)
  3 bats (D:1)
  4 hobgoblins
  3 kobolds (D:1)
  2 ball pythons (D:1)
  2 frilled lizards (D:1)
  2 goblins (D:1)
  A rat (D:1)
20 creatures vanquished.

Notes
Turn   | Place    | Note
-------+----------+-------------------------------------------
     0 | D:1      | Klosterheim the Vine Stalker Gladiator began the quest for the Orb.
     0 | D:1      | Reached XP level 1. HP: 11/11 MP: 2/2
   233 | D:1      | Reached skill level 3 in Short Blades
   233 | D:1      | Reached XP level 2. HP: 9/15 MP: 0/3
   764 | D:2      | Noticed Sigmund
   834 | D:2      | Reached XP level 3. HP: 5/19 MP: 1/4
  1131 | D:2      | Slain by a gnoll

Vault maps used:
D:1:      dpeg_arrival_tiny_k, grunt_decor_mini_mirrors
D:2:      gammafunk_temple_overflow_statue, uniq_sigmund

Skill      XL: |  1 |
---------------+----+-----
Fighting       | 2 |  2.5
Short Blades   | 3 |  3.3
Throwing       | |  1.7
Dodging        | |  2.4

Action                   || total
-------------------------++-------
Melee: Rapier            ||    73
       Bite              ||    17
  Use: Scroll            ||     1
 Stab: Sleeping          ||     1
Armor: Leather armour    ||    20
Dodge: Dodged            ||    38
